 Dungeon Crawl Stone Soup version 0.32-a0-20-ge526923d97 (webtiles) character file.

Game seed: 12068599250946259037

426 Newt the Changeling (level 6, -3/42 HPs)
             Began as an Octopode Shapeshifter on Jan 17, 2024.
             Slain by Edmund
             ... wielding a +0 dire flail of distortion
              (10 damage)
             ... on level 5 of the Dungeon.
             The game lasted 00:04:37 (3705 turns).

Newt the Changeling (Octopode Shapeshifter)         Turns: 3705, Time: 00:04:38

Health: -3/42      AC:  1    Str: 19    XL:     6   Next: 97%
Magic:  6/6        EV: 13    Int: 13    God:
Gold:   258        SH:  0    Dex: 13    Spells: 5/5 levels left

rFire   . .          .
                       - Unarmed
rCold   . . .        (no shield)
rNeg    + . .        (helmet currently unavailable)
rPois   .            (no amulet)
rElec   .            l - ring of positive energy
rCorr   .            p - +6 ring of strength
SInv    .            (no ring)
Will    .....        (no ring)
Stlth   ++           (no ring)
HPRegen 0.27/turn    (no ring)
MPRegen 0.10/turn    (no ring)
                     (no ring)

%: no passive effects
@: beast-form, studying Maces & Flails, invisible
A: beast (slay +3), almost no armour, amphibious, 8 rings, camouflage 1,
gelatinous body 1, (nimble swimmer 1), tentacles
a: Begin Untransformation


You were on level 5 of the Dungeon.
You were a hulking beast.
You visited 1 branch of the dungeon, and saw 5 of its levels.

You collected 258 gold pieces.

Inventory:

Hand Weapons
 f - a +1 vampiric dagger
Jewellery
 l - a ring of positive energy (left tentacle)
 p - a +6 ring of strength (right tentacle)
Talismans
 b - a beast talisman (active)
 c - a flux talisman
 o - a dragon-blood talisman
Wands
 r - a wand of flame (26)
Scrolls
 h - 2 scrolls of noise
Potions
 a - a potion of lignification
 d - a potion of degeneration
 e - a potion of mutation
 g - 2 potions of might
 i - 2 potions of enlightenment {unknown}
 j - 2 potions of attraction
 k - a potion of brilliance
 n - a potion of curing {unknown}
 q - 2 potions of heal wounds {unknown}


   Skills:
 - Level 3.0 Fighting
 - Level 2.0 Dodging
 - Level 3.0 Unarmed Combat
 + Level 6.5 Shapeshifting


You had 5 spell levels left.
You didn't know any spells.
Your spell library contained the following spells:

 Spells                   Type           Power      Damage    Failure   Level
 Ensorcelled Hibernation  Hex/Ice        0%         N/A       43%         2
 Passwall                 Erth           0%         N/A       67%         3
 Stone Arrow              Conj/Erth      0%         3d7       67%         3
 Swiftness                Air            0%         N/A       67%         3
 Lehudib's Crystal Spear  Conj/Erth      0%         10d2      100%        8
 Animate Armour           Summ/Erth      Unusable   N/A       N/A         4

Dungeon Overview and Level Annotations

Branches:
Dungeon (5/15)
 Temple: D:4-7

Altars:
Ashenzari
Dithmenos
Uskayaw
The Shining One

Shops:
D:4 (

Annotations:
D:3 3 runed translucent doors, pigah's ghost, amateur VSNe
D:5 Edmund


Innate Abilities, Weirdness & Mutations

You are a hulking beast.
Your limbs bulge with bestial killing power. (Slay +3)
You cannot wear most types of armour.
You are amphibious.
You can wear up to eight rings at the same time.
Your skin changes colour to match your surroundings (Stealth+).
Your rubbery body absorbs attacks. (AC +1, EV +1)
((You are camouflaged when in or above water. (Stealth+)))
You have tentacles for arms and can constrict up to eight enemies at once.


Message History

There is an escape hatch in the ceiling here.
Edmund the Younger comes into view.
He is wielding a +0 dire flail of distortion and wearing a +1 scale mail of poison resistance.
Found a stone staircase leading down.
Edmund hits you with a +0 dire flail of distortion!
You blink.
Edmund is nearby!
Edmund hits you with a +0 dire flail of distortion!
Space warps horribly around you!
* * * LOW HITPOINT WARNING * * *
You are too injured to fight recklessly!
You are too injured to fight recklessly!
Unknown command.
You fade into invisibility!
Edmund closely misses you.
Unknown command.
You tentacle-slap Edmund. You grab Edmund.
Edmund is lightly wounded.
You constrict Edmund, but do no damage. Edmund closely misses you.
Unknown command.
You tentacle-slap Edmund. You squeeze Edmund.
Edmund is lightly wounded.
You constrict Edmund. Edmund barely misses you.
Unknown command.
You tentacle-slap Edmund.
Edmund is moderately wounded.
You constrict Edmund. Edmund closely misses you.
Unknown command.
You strike the helpless Edmund from behind!
You tentacle-slap Edmund but do no damage.
Edmund is heavily wounded.
You constrict Edmund, but do no damage.
Edmund says, "What use are spells, anyway?"
Edmund closely misses you.
Unknown command.
You tentacle-slap Edmund but do no damage.
Edmund is heavily wounded.
You constrict Edmund, but do no damage.
Edmund hits you with a +0 dire flail of distortion!
You die...
Edmund says, "I'd like to see a scythe do that!"

#........................
#........#....##.########
#..................
####..........#.####
#..........#...
#..........#####
#.............#
#.......##### #######h<#
##@# #.#### #....#
####>..... ..... .... ...
..


You could see Edmund (unable to see you).

Vanquished Creatures
  A phantom (D:4)
  A wight (D:4)
  3 hounds
  2 iguanas
  A sleepcap (D:5)
  Robin (D:4)
  2 adders (D:3)
  4 dart slugs
  6 orcs
  4 endoplasms
  2 giant cockroaches
  17 goblins
  11 hobgoblins
  3 jackals (D:1)
  5 kobolds (D:1)
  5 quokkas
  5 ball pythons
  4 bats
  A frilled lizard (D:2)
  9 rats
87 creatures vanquished.

Notes
Turn   | Place    | Note
-------+----------+-------------------------------------------
     0 | D:1      | Newt the Octopode Shapeshifter began the quest for the Orb.
     0 | D:1      | Reached XP level 1. HP: 13/13 MP: 1/1
   184 | D:1      | Reached XP level 2. HP: 11/19 MP: 2/2
   393 | D:1      | Reached XP level 3. HP: 16/25 MP: 3/3
  1062 | D:2      | Found a glowing golden altar of the Shining One.
  1401 | D:3      | Reached XP level 4. HP: 29/31 MP: 4/4
  1574 | D:3      | Found a runed translucent gate.
  1574 | D:3      | Found a runed translucent gate.
  1574 | D:3      | Found a runed translucent gate.
  1574 | D:3      | Noticed a kobold brigand
  1575 | D:3      | Noticed pigah's ghost (amateur VSNe)
  1666 | D:3      | Reached skill level 4 in Shapeshifting
  1993 | D:4      | Reached XP level 5. HP: 26/36 MP: 5/5
  2095 | D:4      | Found Biloepp's Weapon Shop.
  2126 | D:4      | Noticed Robin
  2140 | D:4      | Killed Robin
  2169 | D:4      | Found a broken altar of Ashenzari.
  2319 | D:4      | Reached skill level 5 in Shapeshifting
  2424 | D:4      | Noticed a phantom
  2437 | D:4      | Killed a phantom
  2438 | D:4      | Reached XP level 6. HP: 12/42 MP: 6/6
  2869 | D:4      | Reached skill level 6 in Shapeshifting
  3240 | D:5      | Entered Level 5 of the Dungeon
  3242 | D:5      | Found a shadowy altar of Dithmenos.
  3358 | D:5      | Found a hide-covered altar of Uskayaw.
  3694 | D:5      | Noticed Edmund
  3705 | D:5      | Slain by Edmund

Illustrated notes

Levels and vault maps discovered:
D:1:      elethiomel_arrival_maze, layout_loops_ring, chequers_avenue
D:2:      layout_rooms, basic_altar
D:3:      cheibrodos_greedy_goblins, layout_rooms, gammafunk_ghost_nasty_kobolds
D:4:      layout_rooms, nicolae_ashenzari_panopticon, serial_shops,
          nicolae_shop_statue_plus, uniq_robin
D:5:      minmay_chambers_of_threes, layout_rooms,
          mainiacjoe_overflow_large_starburst, nzn_hepliaklqana_mist_gate,
          minmay_temple_entry_crystal_x, uniq_sigmund, uniq_edmund

Skill      XL: |  1  2  3  4  5  6 |
---------------+-------------------+-----
Fighting       | 2 3 |  3.0
Shapeshifting  | 4 5 6 |  6.5
Dodging        | |  2.0
Unarmed Combat | |  3.0

Action                     |  1- 3 |  4- 6 || total
---------------------------+-------+-------++-------
  Melee: Unarmed           |    70 |    98 ||   168
         Constrict         |    20 |    27 ||    47
         Tentacles         |    10 |    19 ||    29
         Dagger            |     1 |       ||     1
         Punch             |     1 |       ||     1
    Use: Scroll            |     7 |     5 ||    12
         Potion            |       |     2 ||     2
   Stab: Sleeping          |     7 |     3 ||    10
         Invisible         |       |     1 ||     1
 Armour: Skin              |    31 |    48 ||    79
  Dodge: Dodged            |    35 |    57 ||    92
   Form: Beast             |     1 |       ||     1

Table legend: (Time is in decaauts)
 A = Elapsed time spent in this place.
 B = Non-inter-level travel time spent in this place.
 C = Inter-level travel time spent in this place.
 D = Time resting spent in this place.
 E = Time spent auto-exploring this place.
 F = Levels seen in this place.
 G = Mean time per level.
                   A        B        C        D        E       F      G
               +--------+--------+--------+--------+--------+-----+--------+
         Total |   3692 |   3602 |     90 |   1160 |   1944 |   5 |  738.4 |
       Dungeon |   3692 |   3602 |     90 |   1160 |   1944 |   5 |  738.4 |
               +--------+--------+--------+--------+--------+-----+--------+

Top non-repeatable levels by time:
     D:4: 1292 daAuts
     D:1: 874 daAuts
     D:3: 594 daAuts
     D:2: 467 daAuts
     D:5: 463 daAuts
